 Dungeon Crawl Stone Soup version 0.31-a0-198-g2ad674f65e (webtiles) character file.

Game seed: 15148236481341448543

1695 qw the Skirmisher (level 8, -2/46 HPs)
             Began as a Deep Elf Hunter on June 25, 2023.
             Was a Follower of Okawaru.
             Slain by a yak (9 damage)
             ... on level 8 of the Dungeon.
             The game lasted 00:02:04 (5091 turns).

qw the Skirmisher (Deep Elf Hunter)                 Turns: 5091, Time: 00:02:05

Health: -2/46      AC: 13    Str:  9 (10) XL:     8   Next: 72%
Magic:  13/13      EV: 14    Int: 15      God:    Okawaru [*.....]
Gold:   220        SH:  0    Dex: 18      Spells: 7/7 levels left

rFire   . . .        Y - +0 shortbow (heavy)
rCold   . . .        (shield currently unavailable)
rNeg    + . .        h - +4 ring mail
rPois   +            j - +2 helmet
rElec   .            (no cloak)
rCorr   .            (no gloves)
SInv    .            (no boots)
Will    .....        (no amulet)
Stlth   +++          f - ring of positive energy
HPRegen 0.27/turn    l - ring of poison resistance
MPRegen 0.13/turn

%: no passive effects
@: about to teleport, heroic
A: no striking features
a: Renounce Religion, Heroism


You were on level 8 of the Dungeon.
You worshipped Okawaru.
Okawaru was aware of your devotion.
You visited 2 branches of the dungeon, and saw 8 of its levels.

You collected 317 gold pieces.
You spent 97 gold pieces at shops.


   Skills:
 - Level 3.1(8.1) Fighting
 - Level 13.3(18.3) Ranged Weapons
 - Level 1.0(6.0) Armour
 + Level 3.4(8.4) Dodging
 - Level 1.2(6.2) Stealth
 - Level 4.0 Invocations


You had 7 spell levels left.
You didn't know any spells.
Your spell library was empty.

Inventory:

Hand Weapons
 Y - a +0 heavy shortbow (weapon)
Armour
 h - a +4 ring mail (worn)
 j - a +2 helmet (worn)
Jewellery
 f - a ring of positive energy (left hand)
 l - a ring of poison resistance (right hand)
 n - a ring of fire
Scrolls
 b - 5 scrolls of identify
Potions
 a - a potion of might
 e - 5 potions of curing
 k - a potion of magic

Dungeon Overview and Level Annotations

Branches:
Dungeon (8/15)             Temple (1/1) D:4
   Lair: D:8-11

Altars:
Cheibriados
Hepliaklqana
Kikubaaqudgha
Makhleb
Okawaru
Qazlal
Ru
Sif Muna
Trog
Vehumet
Wu Jian
Yredelemnul
Zin
The Shining One

Shops:
D:2 *   D:3 [

Annotations:
D:8 Gastronok


Message History

The yak closely misses you.
The yak bellows!
Enter note:
Enter note: You shoot an arrow.
The arrow hits the yak.
The yak is lightly wounded.
The yak gores you. The yak gores you but does no damage.
You shoot an arrow. The arrow hits the yak!
The yak is heavily wounded.
The yak closely misses you. The yak gores you but does no damage.
You shoot an arrow. The arrow hits the yak!
The yak is almost dead.
The yak gores you but does no damage. The yak completely misses you.
The yak gores you but does no damage. x2; The yak closely misses you.
You shoot an arrow. The arrow hits the yak!!
You kill the yak!
Okawaru accepts your kill. The yak gores you.
The yak gores you but does no damage. The yak gores you. x2
You feel your intelligence returning.
You shoot an arrow. The arrow hits the yak!
The yak is moderately wounded.
The yak barely misses you.
The yak gores you but does no damage. x3
You shoot an arrow. The arrow hits the yak!
The yak is severely wounded.
The yak gores you. The yak closely misses you. The yak barely misses you.
The yak gores you. The yak gores you but does no damage. The yak misses you.
The yak gores you but does no damage. The yak completely misses you.
You shoot an arrow. The arrow hits the yak!
You kill the yak!
Okawaru accepts your kill. The yak gores you! The yak gores you.
The yak completely misses you.
You feel your strength returning.
Your base Ranged Weapons skill increases to level 13!
5090 ||| READING scroll of teleportation.
As you read the scroll of teleportation, it crumbles to dust.
You feel strangely unstable. The yak misses you. The yak barely misses you.
The yak completely misses you.
You shoot an arrow. The arrow barely misses the yak.
The yak gores you!
You die...

#########+#####
...............
.......Y...!...
......Y@.......
......Y........
...............
##.......######
#.......#
#.......#
#.......#
#.......#


You could see 3 yaks.

Vanquished Creatures
  2 yaks (D:8)
  A water moccasin (D:5)
  3 ogres
  A kobold brigand (D:6)
  A bullfrog (D:8)
  4 scorpions
  A howler monkey (D:5)
  A jelly (D:8)
  6 hounds
  2 sleepcaps (D:5)
  4 iguanas
  4 orc wizards
  8 adders
  2 worms (D:2)
  3 dart slugs
  12 orcs
  9 ball pythons
  9 endoplasms
  6 giant cockroaches
  6 goblins
  10 hobgoblins
  5 jackals
  12 kobolds
  5 bats
  4 frilled lizards
  6 rats
127 creatures vanquished.

Notes
Turn   | Place    | Note
-------+----------+-------------------------------------------
     0 | D:1      | qw the Deep Elf Hunter began the quest for the Orb.
     0 | D:1      | Reached XP level 1. HP: 12/12 MP: 3/3
     0 | D:1      | 0 ||| qw: Version: 0.3-a-22-g0ed2b0b
     0 | D:1      | 0 ||| qw: Game counter: 5316
     0 | D:1      | 0 ||| qw: Melee chars always use a shield: true
     0 | D:1      | 0 ||| qw: God list: Okawaru
     0 | D:1      | 0 ||| qw: Allow faded altars: false
     0 | D:1      | 0 ||| qw: Do Orc after clearing Dungeon:15 true
     0 | D:1      | 0 ||| qw: Do second Lair branch before Depths: true
     0 | D:1      | 0 ||| qw: Lair rune preference: random
     0 | D:1      | 0 ||| qw: Goals: Normal
     0 | D:1      | 0 ||| PLANNING D:1-11
   170 | D:1      | 170 ||| Stepping ~*~*~tactically~*~*~ (water).
   188 | D:1      | Reached XP level 2. HP: 16/16 MP: 4/4
   190 | D:1      | Reached skill level 6 in Ranged Weapons
   543 | D:1      | Reached XP level 3. HP: 20/20 MP: 5/5
   853 | D:1      | 853 ||| UPGRADING to +0 ring mail.
   863 | D:1      | 863 ||| DROPPING +0 leather armour.
   864 | D:1      | 864 ||| UPGRADING to +1 helmet.
   869 | D:1      | 869 ||| UPGRADING to amulet of guardian spirit.
   874 | D:1      | 874 ||| UPGRADING to ring of positive energy.
   875 | D:1      | 875 ||| UPGRADING to ring of poison resistance.
   876 | D:1      | 876 ||| READING 2 scrolls labelled JYNTEUNIVAKU.
   877 | D:1      | 877 ||| READING scroll of enchant armour.
   877 | D:1      | 877 ||| ENCHANTING +1 helmet.
   878 | D:1      | 878 ||| READING 2 scrolls labelled XUUBEY HATRYH.
   883 | D:1      | 883 ||| READING scroll labelled NIVITU EROEDDE.
   984 | D:1      | 984 ||| DROPPING scroll of butterflies.
  1093 | D:2      | 1093 ||| FLEEEEING.
  1126 | D:2      | Found Foerapt's Assorted Antiques.
  1135 | D:2      | 1135 ||| BUYING fizzy inky potion (22 gold).
  1135 | D:2      | Bought a fizzy inky potion for 22 gold pieces
  1135 | D:2      | 1135 ||| BUYING scroll labelled GAKKYMOJYG (25 gold).
  1135 | D:2      | Bought a scroll labelled GAKKYMOJYG for 25 gold pieces
  1135 | D:2      | 1135 ||| BUYING scroll labelled NALEECHIYH (25 gold).
  1135 | D:2      | Bought a scroll labelled NALEECHIYH for 25 gold pieces
  1135 | D:2      | 1135 ||| BUYING scroll labelled SOLUME EFACIAD (25 gold).
  1135 | D:2      | Bought a scroll labelled SOLUME EFACIAD for 25 gold pieces
  1135 | D:2      | 1135 ||| SHOPLISTING scroll labelled TISSISCH SUMENU (25
                  | gold, have 23).
  1135 | D:2      | 1135 ||| SHOPLISTING scroll of enchant armour (187 gold,
                  | have 23).
  1135 | D:2      | 1135 ||| SHOPLISTING shiny copper wand (100 gold, have 23).
  1154 | D:2      | Reached skill level 7 in Ranged Weapons
  1238 | D:2      | Reached XP level 4. HP: 25/25 MP: 6/6
  1362 | D:2      | 1362 ||| READING scroll of enchant armour.
  1362 | D:2      | 1362 ||| ENCHANTING +0 ring mail.
  1523 | D:2      | 1523 ||| READING scroll labelled GAKKYMOJYG.
  1524 | D:2      | 1524 ||| READING scroll labelled NALEECHIYH.
  1525 | D:2      | 1525 ||| READING scroll labelled SOLUME EFACIAD.
  1526 | D:2      | 1526 ||| READING scroll labelled XENTIE UPYSIDO.
  1527 | D:2      | 1527 ||| DRINKING 3 emerald potions.
  1528 | D:2      | 1528 ||| DRINKING 2 fizzy inky potions.
  1669 | D:3      | Found Wazaynnu's Armour Boutique.
  1692 | D:3      | 1692 ||| SHOPLISTING +0 leather armour of Past Mistakes
                  | {Str-5 Dex+6} (133 gold, have 49).
  1692 | D:3      | 1692 ||| SHOPLISTING +0 ring mail of cold resistance (132
                  | gold, have 49).
  1692 | D:3      | 1692 ||| SHOPLISTING +1 fire dragon scales (804 gold, have
                  | 49).
  1692 | D:3      | 1692 ||| SHOPLISTING +1 scale mail of poison resistance
                  | (156 gold, have 49).
  1754 | D:3      | Identified the ring of Nemelex Xobeh's Pride {Wiz Str-5
                  | Int+4 Stlth+}
  1760 | D:3      | Reached skill level 8 in Ranged Weapons
  1774 | D:3      | HP: 5/25 [orc wizard/+0 dagger (2)]
  1775 | D:3      | 1775 ||| READING 2 scrolls of teleportation.
  1776 | D:3      | 1776 ||| DRINKING 2 potions of heal wounds.
  1871 | D:3      | Reached XP level 5. HP: 29/29 MP: 7/7
  2287 | D:3      | 2287 ||| READING scroll labelled IFATUA WARHIK.
  2288 | D:3      | 2288 ||| READING scroll labelled EZIDUOMOXA.
  2318 | D:4      | Reached skill level 9 in Ranged Weapons
  2545 | D:4      | Found a staircase to the Ecumenical Temple.
  2546 | D:4      | 2546 ||| PLANNING TEMPLE
  2546 | D:4      | 2546 ||| READING 2 scrolls labelled TISSISCH SUMENU.
  2555 | Temple   | Entered the Ecumenical Temple
  2558 | Temple   | 2558 ||| PLANNING OKAWARU WORSHIP
  2703 | Temple   | Became a worshipper of Warmaster Okawaru
  2704 | Temple   | 2704 ||| PLANNING D:1-11
  2704 | Temple   | 2704 ||| REMOVING amulet of guardian spirit.
  2709 | Temple   | 2709 ||| DROPPING amulet of guardian spirit.
  2772 | D:4      | Reached XP level 6. HP: 30/35 MP: 8/8
  3024 | D:4      | 3024 ||| READING scroll labelled COQE TOWUHUMN.
  3051 | D:5      | Entered Level 5 of the Dungeon
  3065 | D:5      | 3065 ||| STAIRDANCE
  3069 | D:4      | Reached skill level 10 in Ranged Weapons
  3084 | D:4      | Reached skill level 3 in Dodging
  3181 | D:5      | Reached * piety under Okawaru
  3182 | D:5      | Reached XP level 7. HP: 40/40 MP: 9/9
  3254 | D:5      | Reached skill level 1 in Armour
  3428 | D:5      | 3428 ||| READING scroll of brand weapon.
  3428 | D:5      | 3428 ||| BRANDING +0 shortbow of freezing.
  3429 | D:5      | 3429 ||| READING scroll of enchant armour.
  3429 | D:5      | 3429 ||| ENCHANTING +1 ring mail.
  3453 | D:5      | Reached skill level 1 in Invocations
  3965 | D:5      | 3965 ||| INVOKING Heroism.
  3970 | D:5      | Reached skill level 11 in Ranged Weapons
  3970 | D:5      | Reached skill level 3 in Invocations
  4114 | D:5      | Found an ornate altar of the Wu Jian Council.
  4116 | D:5      | 4116 ||| INVOKING Heroism.
  4125 | D:5      | Reached XP level 8. HP: 38/44 MP: 10/13
  4476 | D:5      | 4476 ||| DRINKING 2 fuming red potions.
  4477 | D:5      | 4477 ||| DRINKING 2 inky potions.
  4478 | D:5      | 4478 ||| READING 3 scrolls of identify.
  4478 | D:5      | 4478 ||| IDENTIFYING black potion
  4479 | D:5      | 4479 ||| DROPPING potion of degeneration.
  4565 | D:6      | 4565 ||| READING 2 scrolls of enchant armour.
  4565 | D:6      | 4565 ||| ENCHANTING +2 ring mail.
  4566 | D:6      | 4566 ||| READING scroll of enchant armour.
  4566 | D:6      | 4566 ||| ENCHANTING +3 ring mail.
  4660 | D:6      | 4660 ||| INVOKING Heroism.
  4670 | D:6      | Reached skill level 12 in Ranged Weapons
  4670 | D:6      | 4670 ||| Stepping ~*~*~tactically~*~*~ (outnumbered).
  4703 | D:6      | 4703 ||| FLEEEEING.
  4704 | D:6      | 4704 ||| FLEEEEING.
  4705 | D:6      | 4705 ||| FLEEEEING.
  4881 | D:6      | Reached skill level 3 in Fighting
  4964 | D:6      | You fall into a shaft and drop 2 floors!
  4967 | D:8      | Found a stormy altar of Qazlal.
  4999 | D:8      | Reached ** piety under Okawaru
  5020 | D:8      | 5020 ||| INVOKING Heroism.
  5058 | D:8      | 5058 ||| DROPPING +1 leather armour of poison resistance.
  5060 | D:8      | Noticed Gastronok
  5061 | D:8      | 5061 ||| INVOKING Heroism.
  5076 | D:8      | 5076 ||| INVOKING Heroism.
  5079 | D:8      | HP: 4/46 [Gastronok/the air (27)]
  5080 | D:8      | 5080 ||| READING 2 scrolls of teleportation.
  5081 | D:8      | 5081 ||| DRINKING 2 potions of heal wounds.
  5082 | D:8      | 5082 ||| DRINKING potion of heal wounds.
  5089 | D:8      | HP: 8/46 [yak (13)]
  5090 | D:8      | Reached skill level 13 in Ranged Weapons
  5090 | D:8      | 5090 ||| READING scroll of teleportation.
  5091 | D:8      | Slain by a yak

Levels and vault maps discovered:
D:1:      beargit_arrival_diablo_church, layout_basic,
          chequers_serial_rivers_large_a
D:2:      layout_rooms, serial_shops, shop, grunt_ministairs_1,
          small_statue_intersection, st_stairs_3
D:3:      layout_loops_ring, serial_shops, shop
D:4:      nicolae_cairo_tiling, layout_rooms
D:5:      layout_layer_cave, lemuel_tele_altar
D:6:      layout_gridville, fedhas_altar_decomposition
D:8:      layout_gridville, general_overflow_altar, led_xom_imps, uniq_gastronok
Temple:   nicolae_temple_bog_church

Skill      XL: |  1  2  3  4  5  6  7  8 |
---------------+-------------------------+-----
Ranged Weapons | 6 7 8 9 10 11 13 | 13.3
Fighting       | 2 3 |  3.1
Dodging        | 3 |  3.4
Armour         | 1 |  1.0
Invocations    | 4 |  4.0
Stealth        | |  1.2

Action                     |  1- 3 |  4- 6 |  7- 9 || total
---------------------------+-------+-------+-------++-------
   Fire: Shortbow          |   110 |   217 |   137 ||   464
 Invoke: Heroism           |       |       |     6 ||     6
    Use: Scroll            |     4 |    10 |     7 ||    21
         Potion            |       |     3 |     4 ||     7
 Armour: Leather armour    |    11 |       |       ||    11
         Ring mail         |     3 |    59 |    38 ||   100
  Dodge: Dodged            |    35 |    88 |    55 ||   178

Table legend:
 A = Non-vault XP
 B = Vault XP
 C = Vault XP percentage of total XP
 D = Non-vault monster count
 E = Vault monster count
 F = Vault count percentage of total count
                 A         B        C        D         E       F
            +---------+---------+-------+---------+---------+-------
      Total |    2404 |      18 |   0.7 |     123 |       4 |   3.1
            +---------+---------+-------+---------+---------+-------
        D:1 |      43 |       0 |   0.0 |      22 |       0 |   0.0
        D:2 |      61 |      18 |  22.8 |      20 |       4 |  16.7
        D:3 |     133 |       0 |   0.0 |      25 |       0 |   0.0
        D:4 |     398 |       0 |   0.0 |      19 |       0 |   0.0
        D:5 |     817 |       0 |   0.0 |      16 |       0 |   0.0
        D:6 |     423 |       0 |   0.0 |      17 |       0 |   0.0
        D:8 |     529 |       0 |   0.0 |       4 |       0 |   0.0
            +---------+---------+-------+---------+---------+-------
